 Dungeon Crawl Stone Soup version 0.30-a0-576-g89cddaab80 (webtiles) character file.

Game seed: 14523542099788767588

5646 freelancePsychic the Nimble (level 10, -1/53 HPs)
             Began as a Spriggan Conjurer on Dec 30, 2022.
             Was a Priest of Ashenzari.
             Killed from afar by a rime drake (17 damage)
             ... with an icy flash freeze
             ... on level 8 of the Dungeon.
             The game lasted 00:28:04 (9281 turns).

freelancePsychic the Nimble (Spriggan Conjurer)     Turns: 9281, Time: 00:28:04

Health: -1/53      AC:  4    Str:  3    XL:     10   Next: 46%
Magic:  7/20       EV: 22    Int: 28    God:    Ashenzari [***...]
Gold:   474        SH: 12    Dex: 16    Spells: 15/21 levels left

rFire   . . .      SeeInvis +    c - +4 dagger "Portent of Ashenzari" {venom, Melee, Alch} (curse)
rCold   . . .      Faith    .    x - +0 buckler
rNeg    . . .      Spirit   .    a - +1 robe "Portent of Ashenzari" {Evo, Range} (curse)
rPois   .          Reflect  +    B - +1 hat
rElec   .          Harm     .    (no cloak)
rCorr   .          Rampage  .    (gloves unavailable)
Will    +....      Clarity  +    (boots unavailable)
Stlth   ++++                     e - amulet of Ashenzari's Suspicion {Reflect SH+5, Bglg, Fort} (curse)
HPRegen 0.28/turn                m - ring of Ashenzari's Inaction {Wiz, Alch, Elem} (curse)
MPRegen 0.17/turn                u - +6 ring of intelligence

@: very quick
A: very small, no large weapons, unfitting armour, see invisible, speed 3
a: Renounce Religion, Shatter the Chains


You were on level 8 of the Dungeon.
You worshipped Ashenzari.
Ashenzari was most pleased with you.
You visited 2 branches of the dungeon, and saw 10 of its levels.

You collected 474 gold pieces.

Inventory:

Hand Weapons
 c - the cursed +4 dagger "Portent of Ashenzari" (weapon) {venom, Melee, Alch}
   (You took it off a goblin on level 3 of the Dungeon)

   It poisons the flesh of those it strikes.
   It has a curse which improves the following skills: Melee Combat: Short
   Blades, Long Blades, Axes, Maces & Flails, Polearms, Staves and Unarmed
   Combat.
   Alchemy:   Poison Magic and Transmutations.
 A - the +5 demon whip "Spellbinder" {antimagic, Will+}
   (You found it on level 9 of the Dungeon)

   It reduces the magical energy of the wielder, and disrupts the spells and
   magical abilities of those it strikes.
   Natural abilities and divine invocations are not affected.
   It unleashes wild and unpredictable magical effects upon striking a wizard or
   a creature with magical abilities.
   Will:      It increases your willpower.
Missiles
 y - a throwing net
Armour
 a - the cursed +1 robe "Portent of Ashenzari" (worn) {Evo, Range}

   It has a curse which improves the following skills: Evocations: Evocations.
   Ranged Combat: Ranged Weapons and Throwing.
 x - a +0 buckler (worn)
 B - a +1 hat (worn)
Magical Staves
 v - a staff of fire
Jewellery
 e - the cursed amulet of Ashenzari's Suspicion (around neck) {Reflect SH+5, Bglg, Fort}
   (You found it on level 3 of the Dungeon)

   [amulet of reflection]

   It reflects blocked missile attacks.
   SH:        It affects your SH (+5).
   It has a curse which improves the following skills: Beguiling: Conjurations,
   Hexes and Translocations.
   Fortitude: Armour and Shields.
 i - an amulet of guardian spirit
 m - the cursed ring of Ashenzari's Inaction (left hand) {Wiz, Alch, Elem}
   (You found it on level 3 of the Dungeon)

   [ring of wizardry]

   It improves your spell success rate.
   It has a curse which improves the following skills: Alchemy: Poison Magic and
   Transmutations.
   Elements:  Fire Magic, Ice Magic, Air Magic and Earth Magic.
 t - a +5 ring of evasion
 u - a +6 ring of intelligence (right hand)
 C - the ring of Satyriasis {rF- rC++ rN+ Str+5}
   (You took it off an orc on level 9 of the Dungeon)

   [ring of positive energy]

   Str:       It affects your strength (+5).
   rF:        It makes you vulnerable to fire.
   rC:        It greatly protects you from cold.
   rN:        It protects you from negative energy.
 D - an amulet of the acrobat
Wands
 w - a wand of paralysis (10)
 E - a wand of mindburst (1)
Scrolls
 d - 4 scrolls of teleportation {@r4}
 h - 2 scrolls of magic mapping
 j - a scroll of vulnerability
 n - 2 scrolls of immolation
 q - 2 scrolls of noise
 r - a scroll of fog
Potions
 b - 2 potions of magic
 f - 9 potions of curing {@q1}
 g - 2 potions of might
 k - 3 potions of flight
 l - 4 potions of brilliance
 o - a potion of mutation
 p - a potion of haste {@q3}
 s - 2 potions of cancellation


   Skills:
 + Level 6.1 Fighting
 - Level 3.0(4.4) Short Blades
 + Level 9.8 Dodging
 + Level 8.5 Stealth
 - Level 3.8(5.3) Shields
 - Level 6.0 Spellcasting
 - Level 4.3(5.8) Conjurations
 + Level 7.3(9.0) Hexes


You had 15 spell levels left.
You knew the following spells:

 Your Spells              Type           Power      Damage    Failure   Level
b - Searing Ray           Conj           82%        2d7       1%          2
c - Fulminant Prism       Conj/Hex       25%        3d14      2%          4

Your spell library contained the following spells:

 Spells                   Type           Power      Damage    Failure   Level
 Magic Dart               Conj           100%       1d8       1%          1
 Dazzling Flash           Conj/Hex       100%       N/A       1%          3
 Poisonous Vapours        Pois/Air       18%        N/A       6%          2
 Wereblood                Tmut           10%        N/A       6%          2
 Mephitic Cloud           Conj/Pois/Air  20%        N/A       6%          3
 Cigotuvi's Dreadful Rot  Necr/Pois/Air  18%        N/A       7%          2
 Sublimation of Blood     Necr           8%         N/A       7%          2
 Iskenderun's Mystic Bla  Conj/Tloc      25%        2d7       13%         4
 Summon Hydra             Summ           4%         N/A       100%        7


Dungeon Overview and Level Annotations

Branches:
Dungeon (9/15)             Temple (1/1) D:4            Lair (0/5) D:8
    Orc: D:9-12

Altars:
Ashenzari
Cheibriados
Dithmenos
Elyvilon
Hepliaklqana
Kikubaaqudgha
Makhleb
Okawaru
Qazlal
Ru
Sif Muna
Trog
Wu Jian
Xom
Yredelemnul
Zin
The Shining One

Annotations:
D:3 2 transporters, brody1818's ghost, amateur OpBr
D:4 2 transporters, exclusions: orc and orc wizard, cforsyth's ghost, amateur DrTm
D:6 3 runed translucent doors, ojifijod's ghost, novice MiGl
D:9 7 runed translucent doors


Innate Abilities, Weirdness & Mutations

You are very small and have problems with some larger weapons.
You are too small for most types of armour.
You have supernaturally acute eyesight. (SInv)
You cover ground extremely quickly. (Speed+++)


Message History

Your fulminant prism crackles loudly.
Your fulminant prism explodes!
The blast of energy engulfs the orc warrior!
The orc warrior is almost dead.
You are too injured to fight recklessly!
You are too injured to fight recklessly!
You closely miss the orc warrior.
The orc warrior is almost dead.
The orc warrior barely misses you.
You hit the orc warrior but do no damage.
The orc warrior is almost dead.
You block the orc warrior's attack.
You hit the orc warrior but do no damage.
The orc warrior is almost dead.
You block the orc warrior's attack.
You closely miss the orc warrior.
The orc warrior is almost dead.
You block the orc warrior's attack.
You hit the orc warrior.
The orc warrior is almost dead.
The orc warrior hits you with a +0 flail!
The rime drake breathes ice at you. The icy flash freeze hits you!
* * * LOW HITPOINT WARNING * * *
You are encased in ice.
Okay, then.
Casting: Fulminant Prism (dangerous; 2% risk of failure)
Confirm with . or Enter, or press ? or * to list all spells.
Aiming: Searing Ray (safe; 1% risk of failure)
Press: ? - help, Shift-Dir - straight line, f - rime drake
Aim: a rime drake (catching its breath, 77% to hit)
The searing ray hits the rime drake.
The rime drake is lightly wounded. (Press . to maintain the ray.)
The ice encasing you melts away.
The searing ray hits the rime drake.
The rime drake is lightly wounded.
The rime drake breathes ice at you. The icy flash freeze hits you!
You die...

.....†.............##)..........#
...........[.......##..))........
....##.....<......# #............
.. ###..........# #............ ,
######z......###............
,...#.##.....###............. ,,
,......#z..#.# #.............
.......#.##.# ###...........
........###@# ##.8........ ,
..........#k# #...##..... ,
.....#.....l#######.Y#######
#.###.........{.o##.## *
.......#...#.........###
...z.......#...........## *
,.>........................#
kzz.#..#..................#
,...#.#.....#..............#


You could see a rime drake (catching breath) and a wyvern.

Vanquished Creatures
  4 kobold demonologists (D:9)
  10 yaks
  A wyvern (D:8)
  A steam dragon (D:8)
  A water moccasin (D:8)
  2 orc warriors (D:9)
  5 ice beasts
  A black bear (D:3)
  An ogre (D:4)
  A centaur (D:3)
  2 wolves
  A phantom (D:5)
  2 kobold brigands
  2 bullfrogs
  2 necrophages
  A scorpion (D:5)
  A gnoll sergeant (D:7)
  9 wights
  2 jellies
  A gnoll bouda (D:6)
  A hound (D:6)
  3 orc priests (D:9)
  2 iguanas
  4 orc wizards
  11 gnolls
  8 adders
  3 shadow imps
  A white imp (D:7)
  3 ufetubi
  A worm (D:2)
  A dart slug (D:3)
  15 orcs
  4 bats
  6 endoplasms
  2 giant cockroaches (D:1)
  7 goblins
  5 hobgoblins
  3 jackals (D:1)
  14 kobolds
  A quokka (D:4)
  3 ball pythons
  4 frilled lizards
  8 rats
  A spectral orc (D:3)
161 creatures vanquished.

Vanquished Creatures (others)
  49 fulminant prisms
  7 plants
56 creatures vanquished.

Grand Total: 217 creatures vanquished

Notes
Turn   | Place    | Note
-------+----------+-------------------------------------------
     0 | D:1      | freelancePsychic the Spriggan Conjurer began the quest for
                  | the Orb.
     0 | D:1      | Reached XP level 1. HP: 9/9 MP: 5/5
   482 | D:1      | Reached XP level 2. HP: 14/14 MP: 3/6
   577 | D:1      | Learned a level 2 spell: Searing Ray
  1442 | D:2      | Reached XP level 3. HP: 17/17 MP: 5/8
  1588 | D:2      | Reached skill level 1 in Fighting
  1588 | D:2      | Reached skill level 1 in Hexes
  2554 | D:3      | Noticed a black bear
  2565 | D:3      | Noticed a centaur
  2574 | D:3      | Killed a centaur
  2575 | D:3      | Reached XP level 4. HP: 11/23 MP: 1/11
  2575 | D:3      | Reached XP level 5. HP: 13/26 MP: 1/12
  2821 | D:3      | Learned a level 4 spell: Fulminant Prism
  2846 | D:3      | Found a faded altar of an unknown god.
  2850 | D:3      | Found a sacrificial altar of Ru.
  2898 | D:3      | Noticed brody1818's ghost (amateur OpBr)
  2899 | D:3      | Found a transporter.
  2902 | D:3      | Found a transporter.
  2903 | D:3      | Identified the +3 great mace "Sorr" {venom, rC+ rN+ rCorr
                  | Stlth-}
  2903 | D:3      | Noticed an ogre
  2923 | D:3      | Found a basalt altar of Yredelemnul.
  3159 | D:3      | Found a faded altar of an unknown god.
  3202 | D:3      | Killed a black bear
  3203 | D:3      | Reached skill level 5 in Stealth
  3372 | D:3      | Found a glowing golden altar of the Shining One.
  3896 | D:4      | Reached XP level 6. HP: 30/30 MP: 6/13
  4069 | D:4      | Found a transporter.
  4170 | D:4      | Found a staircase to the Ecumenical Temple.
  4177 | Temple   | Entered the Ecumenical Temple
  4177 | Temple   | Found a transporter.
  4177 | Temple   | Found a transporter.
  4179 | Temple   | Found a transporter.
  4179 | Temple   | Found a transporter.
  4215 | Temple   | Became a worshipper of Ashenzari the Shackled
  4363 | D:4      | Identified the ring of Honiyr {rN+ Str+9 Dex-5 SInv}
  4541 | D:4      | Noticed cforsyth's ghost (amateur DrTm)
  4554 | D:4      | Found a transporter.
  4660 | D:5      | Entered Level 5 of the Dungeon
  4669 | D:5      | Reached skill level 5 in Spellcasting
  4826 | D:5      | Reached XP level 7. HP: 35/35 MP: 6/15
  5543 | D:5      | Found a snail-covered altar of Cheibriados.
  5683 | D:6      | Found a runed translucent gate.
  5684 | D:6      | Found a runed translucent gate.
  5684 | D:6      | Noticed ojifijod's ghost (novice MiGl)
  5685 | D:6      | Found a runed translucent gate.
  5690 | D:6      | Reached * piety under Ashenzari
  6046 | D:5      | Reached skill level 5 in Hexes
  6141 | D:6      | Reached XP level 8. HP: 41/41 MP: 13/18
  6304 | D:6      | Reached ** piety under Ashenzari
  7057 | D:7      | Found a bloodstained altar of Trog.
  7077 | D:7      | Reached skill level 1 in Short Blades
  7077 | D:7      | Reached skill level 3 in Dodging
  7280 | D:7      | Reached skill level 1 in Shields
  7308 | D:7      | Reached skill level 4 in Dodging
  7647 | D:8      | Reached skill level 5 in Fighting
  7660 | D:8      | Found a staircase to the Lair.
  7666 | D:8      | Reached skill level 5 in Dodging
  7669 | D:8      | Noticed a rime drake
  7691 | D:7      | Reached XP level 9. HP: 47/47 MP: 14/19
  7789 | D:8      | Reached skill level 6 in Dodging
  7808 | D:8      | Reached skill level 7 in Dodging
  7909 | D:9      | Reached *** piety under Ashenzari
  7975 | D:9      | Noticed a kobold demonologist
  7975 | D:9      | Noticed a kobold demonologist
  7977 | D:9      | Noticed a kobold demonologist
  7978 | D:9      | Noticed a kobold demonologist
  7981 | D:9      | Found a runed translucent gate.
  7981 | D:9      | Found a runed translucent gate.
  7981 | D:9      | Found a runed translucent gate.
  7981 | D:9      | Found a runed translucent gate.
  7981 | D:9      | Found a runed translucent gate.
  7981 | D:9      | Found a runed translucent gate.
  7981 | D:9      | Noticed a boulder beetle
  7981 | D:9      | Noticed a lindwurm
  7981 | D:9      | Found the +5 demon whip "Spellbinder" {antimagic, Will+}
  7982 | D:9      | Found a runed translucent door.
  8078 | D:9      | Identified the ring of Satyriasis {rF- rC++ rN+ Str+5}
  8176 | D:9      | Reached skill level 8 in Dodging
  8292 | D:9      | Killed a kobold demonologist
  8293 | D:9      | Reached XP level 10. HP: 41/51 MP: 12/20
  8300 | D:9      | Reached skill level 9 in Dodging
  8541 | D:9      | Noticed a rust devil
  8698 | D:9      | Found an ornate altar of the Wu Jian Council.
  8871 | D:9      | HP: 1/51 [orc priest/divine providence (10)]
  9281 | D:8      | Killed from afar by a rime drake

Illustrated notes

Levels and vault maps discovered:
D:1:      matt_arrival_spirals, layout_basic
D:2:      layout_basic, fountainhead, corexii_shack
D:3:      layout_basic, yredelemnul_forgotten_temple_becter,
          mainiacjoe_overflow_alcove_4, nicolae_overflow_ecumenical_swirl,
          hellmonk_ecumenical_altar_crossroads, gammafunk_ghost_smash,
          bh_walls_and_bars
D:4:      layout_rooms, nemelex_dance_club_becter, temple_green,
          gammafunk_ghost_gnarly_gnolls, dreamdust_mushroom_princess
D:5:      layout_loops_ring, cheibriados_altar_1, hangedman_decor_peaks_small
D:6:      layout_gridville, gammafunk_ghost_split, minmay_diced_spiral
D:7:      layout_cave_pods, mainiacjoe_overflow_small_starburst
D:8:      layout_cave_pods, mainiacjoe_overflow_large_starburst,
          hellmonk_lair_entry_icy, serial_column_ruins, column_ruins_open_small,
          column_ruins_grid_1, column_ruins_open_small, column_ruins_grid_1,
          column_ruins_grid_1, column_ruins_open_tiny
D:9:      gammafunk_indiana_jones, layout_gridville,
          nicolae_wu_jian_immortal_techniques
Temple:   hellmonk_temple_divided_pantheon

Skill      XL: |  1  2  3  4  5  6  7  8  9 10 |
---------------+-------------------------------+-----
Conjurations   | 3 4 |  4.3
Spellcasting   | 3 4 5 6 |  6.0
Fighting       | 1 2 3 5 6 |  6.1
Hexes          | 2 3 4 5 6 7 |  7.3
Stealth        | 4 5 6 7 8 |  8.5
Short Blades   | 3 |  3.0
Dodging        | 5 8 9 |  9.8
Shields        | 2 3 |  3.8

Action                   |  1- 3 |  4- 6 |  7- 9 | 10-12 || total
-------------------------+-------+-------+-------+-------++-------
Melee: Dagger            |    27 |    30 |    78 |    53 ||   188
       Punch             |     1 |       |       |       ||     1
 Cast: Magic Dart        |    25 |       |       |       ||    25
       Searing Ray       |    21 |    25 |    25 |     4 ||    75
       Fulminant Prism   |       |       |    31 |    18 ||    49
Invok: Curse Item        |       |       |     4 |       ||     4
  Use: Scroll            |     4 |     3 |     8 |     1 ||    16
       Potion            |       |       |       |     2 ||     2
 Stab: Sleeping          |     7 |     7 |     8 |       ||    22
Armor: Robe              |     6 |     2 |     4 |     7 ||    19
Dodge: Dodged            |    40 |    21 |    57 |    37 ||   155
Block: Other             |       |     7 |    10 |       ||    17
       Buckler           |       |       |    34 |    49 ||    83
       Reflection        |       |       |     1 |       ||     1

Table legend: (Time is in decaauts)
 A = Elapsed time spent in this place.
 B = Non-inter-level travel time spent in this place.
 C = Inter-level travel time spent in this place.
 D = Time resting spent in this place.
 E = Time spent auto-exploring this place.
 F = Levels seen in this place.
 G = Mean time per level.
                   A        B        C        D        E       F      G
               +--------+--------+--------+--------+--------+-----+--------+
         Total |   7072 |   6907 |    165 |     11 |   5561 |  10 |  707.2 |
       Dungeon |   7036 |   6879 |    157 |     11 |   5560 |   9 |  781.8 |
        Temple |     36 |     29 |      7 |      0 |      0 |   1 |   36.0 |
               +--------+--------+--------+--------+--------+-----+--------+

Top non-repeatable levels by time:
     D:2: 1042 daAuts
     D:3: 954 daAuts
     D:5: 917 daAuts
     D:7: 903 daAuts
     D:9: 838 daAuts
     D:1: 813 daAuts
     D:4: 571 daAuts
     D:6: 515 daAuts
     D:8: 480 daAuts
  Temple: 36 daAuts
